 Dungeon Crawl Stone Soup version 0.23.2-1-ga50397a (webtiles) character file.

Game seed: 13411677756380023508

81916 Fang the Fighter (level 15, -11/101 HPs)
             Began as a Gargoyle Berserker on Apr 29, 2019.
             Was a High Priest of Trog.
             Killed by divine providence
             ... invoked by an orc priest
              (12 damage)
             ... on level 2 of the Orcish Mines.
             The game lasted 00:28:41 (23665 turns).

Fang the Fighter (Gargoyle Berserker)              Turns: 23665, Time: 00:28:43

Health: -11/101    AC: 40    Str: 26    XL:     15   Next: 72%
Magic:  15/15      EV: 12    Int:  9    God:    Trog [*****.]
Gold:   2191       SH:  3    Dex:  9    Spells: 14/14 levels left

rFire    . . .     SeeInvis .   I - +1 battleaxe (flame)
rCold    . . .     Gourm    .   (shield currently unavailable)
rNeg     + . .     Faith    .   b - +3 plate armour
rPois    ∞         Spirit   .   (no helmet)
rElec    +         Reflect  +   f - +2 cloak {rPois}
rCorr    .         Harm     .   (no gloves)
MR       +....                  s - +2 pair of boots
Stlth    ..........             B - +3 amulet of reflection
HPRegen  0.26/turn              y - +2 ring of protection
MPRegen  0.14/turn              O - ring of stealth

@: flying
A: big wings, negative energy resistance 1, electricity resistance, unbreathing,
petrification resistance, rot immunity, AC +11
a: Stop Flying, Berserk, Trog's Hand, Brothers in Arms, Renounce Religion


You were on level 2 of the Orcish Mines.
You worshipped Trog.
Trog was extremely pleased with you.
You were hungry.

You visited 5 branches of the dungeon, and saw 25 of its levels.

You collected 2191 gold pieces.

Inventory:

Hand Weapons
 a - a +1 war axe
 h - the +7 war axe of the Thoughtful Lovers {vamp, rF+ rC++, unknown}
   (You found it on level 13 of the Dungeon)

   It inflicts no extra harm, but heals its wielder when it wounds a living foe.
   It protects you from fire.
   It greatly protects you from cold.
 A - a +3 battleaxe of freezing
 G - a +1 battleaxe of chopping
 H - a +0 antimagic executioner's axe
 I - a +1 battleaxe of flaming (weapon)
 J - a +4 antimagic broad axe
 K - a +4 broad axe of venom
 L - the cursed +3 broad axe of Uskayaw's Outrage {vamp, rN+, unknown}
   (You found it on level 15 of the Dungeon)

   It inflicts no extra harm, but heals its wielder when it wounds a living foe.
   It protects you from negative energy.
   It has a curse placed upon it.
Armour
 b - a +3 plate armour (worn)
 f - a +2 cloak of poison resistance (worn)
 s - a +2 pair of boots (worn)
Jewellery
 y - a +2 ring of protection (left hand)
 B - a +3 amulet of reflection (around neck)
 D - an uncursed amulet of regeneration
 O - a ring of stealth (right hand)
 S - an uncursed amulet of guardian spirit
Wands
 i - a wand of iceblast (11)
 m - a wand of random effects (35)
 p - a wand of flame (41)
 u - a wand of clouds (4)
 v - a wand of digging (24)
 C - a wand of paralysis (11)
 F - a wand of polymorph (7)
 N - a wand of acid (6)
Scrolls
 d - 3 scrolls of fear
 e - 3 scrolls of identify
 g - 11 scrolls of remove curse
 l - 7 scrolls of fog
 o - 5 scrolls of teleportation
 t - 2 scrolls of blinking
 z - a scroll of summoning
 Q - 3 scrolls of magic mapping
Potions
 j - 7 potions of curing
 k - 5 potions of heal wounds
 n - 2 potions of invisibility
 q - 4 potions of ambrosia
 r - a potion of berserk rage
 w - 5 potions of agility
 x - 2 potions of might
 E - 2 potions of resistance
 P - 2 potions of mutation
Comestibles
 c - 37 rations


   Skills:
 + Level 14.9 Fighting
 + Level 12.8 Axes
 + Level 14.7 Armour
 + Level 11.8 Dodging


You had 14 spell levels left.
You didn't know any spells.
Your spell library was empty.

Dungeon Overview and Level Annotations

Branches:
Dungeon (15/15)            Temple (1/1) D:7            Lair (6/6) D:11
  Swamp (0/4) Lair:4        Snake (0/4) Lair:4        Slime (0/5) Lair:5
    Orc (2/2) D:10            Elf (0/3) Orc:2        Vaults (0/5) D:14
 Depths (1/5) D:15

Altars:
Cheibriados
Dithmenos
Elyvilon
Fedhas
Ru
Trog
Uskayaw
Vehumet
The Shining One
Jiyva

Shops:
D:7 *   D:10 [   Orc:2 %

Annotations:
Lair:4 2 transporters, Weode's ghost, journeyman DECj


Innate Abilities, Weirdness & Mutations

You are resistant to torment.
Your stone body is resilient. (AC +11)
You are immune to poison.
Your large and strong wings let you fly indefinitely.
You resist negative energy. (rN+)
You are resistant to electric shocks. (rElec)
You can survive without breathing.
You are immune to petrification.
You are immune to rotting.


Message History

Things that are here:
a +0 war axe; 44 gold pieces; an orc corpse The orc priest hits you but does no damage.
The orc priest closely misses you.
Things that are here:
a +0 ring mail; a warg corpse The orc priest looks braver for a moment.
The orc priest invokes the aid of Beogh against you.
Beogh smites you!
* * * LOW HITPOINT WARNING * * *
The orc priest invokes the aid of Beogh against you.
Beogh smites you!
* * * LOW HITPOINT WARNING * * *
The orc priest invokes the aid of Beogh against you.
Beogh smites you!
* * * LOW HITPOINT WARNING * * *
The orc priest looks braver for a moment.
The orc priest calls down the wrath of Beogh upon you.
Beogh smites you!
You die...

#........... ............ ####
............. ##..##.............
### #####.........#........
####.####...#..................
###.#...##.....#.................
.#......oo.......................
........[o.o..o.@....... .....
.##...######..###.###.## #..## .
##..# #..# .# #..# . #)o# #..#
.###.#######..# # #..# #...
..............# #.o# #....
.....###.###.)##
........ooo....8...8 #.# #...)
......###o##........ #.# #.###
......# #.###.###.#.)


You could see 3 orc priests and an orc.

Vanquished Creatures
  A yaktaur captain (D:15)
  A fire dragon (Lair:6)
  2 vault guards (D:14)
  A catoblepas (Lair:5)
  4 centaur warriors
  A death yak (Lair:6)
  Erica (Lair:1)
  10 two-headed ogres
  A death knight (D:14)
  An ogre mage (D:13)
  An orc high priest (Orc:2)
  2 tengu warriors
  Sonja (Lair:1)
  2 lindwurms (Lair:6)
  Pikel (D:4)
  An orange crystal statue (D:12)
  4 wizards
  A wolf spider zombie (D:15)
  2 orc knights
  6 ugly things
  A deep elf mage (D:14)
  8 elephants
  3 cyclopes
  Maurice (D:8)
  2 black mambas
  Joseph (D:8)
  5 torpor snails (Lair:6)
  A gargoyle (D:14)
  A kobold demonologist (D:15)
  19 spiny frogs
  A rime drake (Lair:5)
  3 freezing wraiths (D:14)
  A yaktaur (D:15)
  12 komodo dragons
  2 tengu conjurers
  5 trolls
  A troll (shapeshifter) (D:13)
  3 tyrant leeches (Lair:6)
  8 hornets
  The ghost of flotson the Ducker, an amateur DsGl of Okawaru (D:5)
  A harpy skeleton (D:13)
  3 bog bodies (Lair:4)
  Grinder (D:3)
  16 dream sheep
  24 blink frogs
  7 hippogriffs
  3 shadows
  3 wyverns
  32 yaks
  A spriggan (Lair:4)
  2 vampires
  22 humans
  A wraith (D:15)
  4 hogs (D:8)
  A basilisk (Lair:2)
  6 vampire mosquitoes
  2 hungry ghosts
  Menkaure (D:7)
  A soldier ant (D:15)
  3 wargs (Orc:2)
  A swamp worm (Lair:4)
  2 nagas (Lair:4)
  11 water moccasins
  5 porcupines
  9 orc warriors
  An ice beast (D:6)
  3 slaves (D:4)
  3 black bears
  A phantom (D:8)
  4 sky beasts
  A boggart (D:15)
  17 centaurs
  16 ogres
  17 wolves
  10 crocodiles
  3 big kobolds
  Blork the orc (D:5)
  13 bullfrogs
  A wyvern zombie (D:15)
  A water moccasin zombie (D:10)
  A wyvern skeleton (D:10)
  8 scorpions
  9 killer bees
  18 wights
  3 electric eels (Lair:4)
  2 howler monkeys
  7 crimson imps
  A bullfrog zombie (D:8)
  A centaur zombie (D:10)
  A quasit (D:9)
  4 hounds
  2 jellies
  18 orc priests
  5 centaur skeletons
  Crazy Yiuf (D:7)
  2 bullfrog skeletons
  6 iguanas
  18 orc wizards
  12 worker ants
  3 hound skeletons
  12 adders
  3 shadow imps
  An ooze (D:2)
  An adder skeleton (D:9)
  A worm (shapeshifter) (D:13)
  2 worms (D:3)
  2 dart slugs
  3 leopard geckos
  77 orcs
  4 ball pythons
  4 bats
  8 giant cockroaches
  7 goblins
  7 hobgoblins
  22 jackals
  23 kobolds
  7 quokkas
  7 frilled lizards
  A quokka skeleton (D:8)
  4 rats
  8 fungi
  13 plants
716 creatures vanquished.

Vanquished Creatures (collateral kills)
  An orc high priest (Orc:2)
  A warg (Orc:2)
  An orc priest (Orc:2)
  3 orcs (Orc:2)
6 creatures vanquished.

Vanquished Creatures (others)
  A wolf (Lair:1)
  A boggart (D:15)
  An orc wizard (D:13)
  A fungus (Lair:6)
  5 plants
9 creatures vanquished.

Grand Total: 731 creatures vanquished

Notes
Turn   | Place    | Note
-------+----------+-------------------------------------------
     0 | D:1      | Fang the Gargoyle Berserker began the quest for the Orb.
     0 | D:1      | Reached XP level 1. HP: 14/14 MP: 1/1
   141 | D:1      | Reached XP level 2. HP: 19/19 MP: 2/2
   855 | D:2      | Reached XP level 3. HP: 18/23 MP: 3/3
  1211 | D:2      | Reached ** piety under Trog
  1215 | D:2      | Reached XP level 4. HP: 23/29 MP: 4/4
  1777 | D:3      | Reached XP level 5. HP: 21/33 MP: 5/5
  1916 | D:3      | Noticed Grinder
  1934 | D:3      | Killed Grinder
  1934 | D:3      | Reached XP level 6. HP: 14/39 MP: 6/6
  2272 | D:3      | Found a faded altar of an unknown god.
  2759 | D:4      | Reached *** piety under Trog
  2803 | D:4      | Reached skill level 5 in Fighting
  2803 | D:4      | Reached XP level 7. HP: 36/44 MP: 7/7
  3180 | D:4      | Noticed Pikel
  3193 | D:4      | Killed Pikel
  3193 | D:4      | Reached skill level 5 in Armour
  3193 | D:4      | Reached XP level 8. HP: 5/51 MP: 8/8
  3539 | D:5      | Entered Level 5 of the Dungeon
  3683 | D:5      | Noticed flotson's ghost (amateur DsGl)
  3685 | D:5      | Found a transporter.
  3686 | D:5      | Identified the +5 great mace of the Extremes {freeze,
                  | rElec}
  3687 | D:5      | Found a transporter.
  3688 | D:5      | Noticed Blork the orc
  3706 | D:5      | Killed Blork the orc
  3706 | D:5      | Reached skill level 5 in Axes
  4516 | D:5      | Found a snail-covered altar of Cheibriados.
  4760 | D:5      | Killed flotson's ghost
  4905 | D:6      | Reached XP level 9. HP: 47/56 MP: 9/9
  4974 | D:6      | Reached skill level 5 in Dodging
  5893 | D:6      | Reached **** piety under Trog
  6462 | D:7      | Found a hide-covered altar of Uskayaw.
  6462 | D:7      | Found a radiant altar of Vehumet.
  6518 | D:7      | Found a staircase to the Ecumenical Temple.
  6564 | Temple   | Entered the Ecumenical Temple
  6706 | D:7      | Found Betafopp's General Store.
  6709 | D:7      | Reached XP level 10. HP: 64/64 MP: 10/10
  6714 | D:7      | Noticed Menkaure
  6720 | D:7      | Killed Menkaure
  6730 | D:7      | Found a white marble altar of Elyvilon.
  7020 | D:7      | Found a runed translucent door.
  7021 | D:7      | Noticed Crazy Yiuf
  7027 | D:7      | Killed Crazy Yiuf
  7199 | D:8      | Reached ***** piety under Trog
  7762 | D:8      | Noticed Maurice
  7795 | D:8      | Killed Maurice
  7812 | D:8      | Noticed Joseph
  7833 | D:8      | Killed Joseph
  7833 | D:8      | Received a gift from Trog
  9073 | D:10     | Entered Level 10 of the Dungeon
  9074 | D:10     | Noticed a two-headed ogre
  9082 | D:10     | Killed a two-headed ogre
  9082 | D:10     | Reached XP level 11. HP: 72/72 MP: 11/11
  9198 | D:10     | Found a glowing golden altar of the Shining One.
  9288 | D:10     | Found a staircase to the Orcish Mines.
  9292 | D:10     | Found Pudemecs's Armour Emporium.
  9442 | D:10     | Reached skill level 10 in Fighting
 10084 | D:11     | Reached skill level 10 in Armour
 10085 | D:11     | Received a gift from Trog
 10214 | D:11     | Noticed a two-headed ogre
 10224 | D:11     | Killed a two-headed ogre
 10227 | D:11     | Noticed a green ugly thing
 10285 | D:11     | Killed a green ugly thing
 10538 | D:11     | Received a gift from Trog
 10669 | D:11     | Noticed a two-headed ogre
 10671 | D:11     | Killed a two-headed ogre
 10671 | D:11     | Reached XP level 12. HP: 79/79 MP: 12/12
 10679 | D:11     | Found a staircase to the Lair.
 10750 | D:11     | Found a shadowy altar of Dithmenos.
 10899 | Lair:1   | Entered Level 1 of the Lair of Beasts
 10901 | Lair:1   | Noticed Sonja
 10978 | Lair:1   | Killed Sonja
 11124 | Lair:1   | Noticed Erica
 11134 | Lair:1   | Killed Erica
 11791 | Lair:2   | Reached skill level 10 in Axes
 12349 | Lair:3   | Reached XP level 13. HP: 57/86 MP: 13/13
 12491 | Lair:3   | Found a frozen archway.
 13314 | Lair:4   | Identified the +2 rapier "Rykeun" {antimagic, rN+}
 13360 | Lair:4   | Found a transporter.
 13374 | Lair:4   | Noticed Weode's ghost (journeyman DECj)
 13375 | Lair:4   | Identified the +9 trident "Tumefit" {elec, Int+4}
 13414 | Lair:4   | Received a gift from Trog
 13446 | Lair:4   | Found a bloodstained altar of Trog.
 13492 | Lair:4   | Found a staircase to the Snake Pit.
 13748 | Lair:4   | Received a gift from Trog
 13895 | Lair:4   | Found a transporter.
 13969 | Lair:4   | Found a staircase to the Swamp.
 14836 | Lair:5   | Reached skill level 10 in Dodging
 14843 | Lair:5   | Received a gift from Trog
 14947 | Lair:5   | Found a viscous altar of Jiyva.
 14947 | Lair:5   | Found a staircase to the Slime Pits.
 15680 | Lair:6   | Entered Level 6 of the Lair of Beasts
 15879 | Lair:6   | Gained mutation: Your large and strong wings let you fly
                  | indefinitely. [Gargoyle growth]
 15879 | Lair:6   | Reached XP level 14. HP: 83/94 MP: 14/14
 16514 | Lair:6   | Reached ****** piety under Trog
 16549 | Lair:6   | Received a gift from Trog
 16941 | Lair:6   | Found a runed translucent door.
 19170 | D:13     | Got a shimmering war axe
 19554 | D:13     | Received a gift from Trog
 19977 | D:14     | Identified 2 scrolls of acquirement
 20136 | D:14     | Reached XP level 15. HP: 44/100 MP: 15/15
 20452 | D:14     | Found a gate to the Vaults.
 20902 | D:14     | Received a gift from Trog
 21293 | D:15     | Entered Level 15 of the Dungeon
 21306 | D:15     | Got a warped broad axe
 21366 | D:15     | Found a blossoming altar of Fedhas.
 22312 | D:15     | Found a sacrificial altar of Ru.
 22389 | D:15     | Found a staircase to the Depths.
 22703 | Depths:1 | Entered Level 1 of the Depths
 22872 | Orc:1    | Entered Level 1 of the Orcish Mines
 23033 | Orc:2    | Entered Level 2 of the Orcish Mines
 23286 | Orc:2    | Found Teotefe's Food Boutique.
 23603 | Orc:2    | Found a staircase to the Elven Halls.
 23663 | Orc:2    | HP: 1/101 [orc priest/divine providence (16)]
 23665 | Orc:2    | Killed from afar by an orc priest

Skill      XL: |  1  2  3  4  5  6  7  8  9 10 11 12 13 14 |
---------------+-------------------------------------------+-----
Axes           | 3 4 5 6 8 9 10 11 12 | 12.8
Dodging        | 2 3 4 5 7 8 9 10 11 | 11.8
Armour         | 3 4 5 6 7 9 10 11 12 14 | 14.7
Fighting       | 4 5 6 8 9 10 12 13 14 | 14.9

Action                   |  1- 3 |  4- 6 |  7- 9 | 10-12 | 13-15 || total
-------------------------+-------+-------+-------+-------+-------++-------
Melee: Hand axe          |    92 |       |       |       |       ||    92
       War axe           |       |   126 |   409 |   334 |       ||   869
       Battleaxe         |       |       |       |   496 |  1010 ||  1506
Invok: Berserk           |       |     1 |     6 |     6 |    13 ||    26
       Trog's Hand       |       |       |     1 |     1 |     2 ||     4
       Brothers in Arms  |       |       |       |       |     1 ||     1
 Abil: Fly               |       |       |       |       |     1 ||     1
  Use: Scroll            |       |       |     9 |    12 |    21 ||    42
       Potion            |       |       |       |     1 |     3 ||     4
 Stab: Petrified         |       |       |       |       |     1 ||     1
  Eat: Chunk             |     1 |     6 |    16 |    24 |    40 ||    87
       Ration            |       |       |     1 |     3 |     3 ||     7
Armor: Animal skin       |    30 |    49 |    93 |       |       ||   172
       Plate armour      |       |       |   101 |   995 |  1019 ||  2115
       Chain mail        |       |       |    83 |       |       ||    83
Dodge: Dodged            |    54 |    88 |   272 |   639 |   750 ||  1803
Block: Other             |       |       |       |    32 |   179 ||   211
       Reflection        |       |       |       |       |     5 ||     5
